 Dungeon Crawl Stone Soup version 0.16.1-51-g6203257 (webtiles) character file.

990 MiaIshata the Skirmisher (level 8, 0/46 HPs)
             Began as a Gargoyle Monk on Aug 5, 2015.
             Slain by an orc warrior
             ... wielding a +0 short sword
              (16 damage)
             ... on level 6 of the Dungeon.
             The game lasted 00:26:35 (5011 turns).

MiaIshata the Skirmisher (Gargoyle Monk)            Turns: 5011, Time: 00:26:35

Health: 0/46       AC:  8    Str: 14    XL:     8   Next: 18%
Magic:  7/7        EV: 15    Int: 12    God:
Gold:   250        SH:  0    Dex: 16    Spells: 1 memorised, 5 levels left

rFire  . . .     SeeInvis +       - Unarmed
rCold  . . .     Clarity  .     a - +1 robe
rNeg   + . .     SustAb   .     (no shield)
rPois  ∞         Gourm    .     (no helmet)
rElec  +         Spirit   .     r - +0 cloak
rCorr  .         Warding  .     (no gloves)
rMut   .         Stasis   .     (no boots)
MR     .....                    (no amulet)
Stlth  +++.......               (no ring)
                                g - ring of see invisible

@: not resistant to hostile enchantments, fairly stealthy
A: big wings, agile 1, deformed body, frail 1, low mp 1, negative energy
resistance 1, electricity resistance, unbreathing, petrification resistance, rot
immunity, AC +5
a: Fly


You were on level 6 of the Dungeon.
You were hungry.

You visited 1 branch of the dungeon, and saw 6 of its levels.

You collected 250 gold pieces.

Inventory:

Armour
 a - a +1 robe (worn)
 r - a +0 cloak (worn)
Jewellery
 g - a ring of see invisible (left hand)
Magical devices
 b - a wand of teleportation (2)
 k - a wand of digging (12)
Scrolls
 e - 2 scrolls of identify
Potions
 c - 2 potions of brilliance
 j - a potion of curing
Books
 o - a book of Transfigurations

   Spells                             Type                      Level
   a - Stoneskin                      Transmutation/Earth          2
   b - Irradiate                      Conjuration/Transmutation    5
   c - Statue Form                    Transmutation/Earth          6
   d - Hydra Form                     Transmutation                6
   e - Dragon Form                    Transmutation                7
 p - a Necronomicon {highlevel, unknown}

   This book is beyond your current level of understanding.

   Spells                             Type                      Level
   a - Haunt                          Necromancy/Summoning         7
   b - Borgnjor's Revivification      Necromancy                   8
   c - Death's Door                   Charms/Necromancy            8
   d - Necromutation                  Transmutation/Necromancy     8
Comestibles
 h - 2 bread rations


   Skills:
 * Level 6.6 Fighting
 + Level 4.9 Dodging
 * Level 4.4 Stealth
 + Level 6.0 Unarmed Combat


You had 5 spell levels left.
You knew the following spells:

 Your Spells              Type           Power        Failure   Level  Hunger
a - Stoneskin             Trmt/Erth      #.......     52%         2    ###....


Dungeon Overview and Level Annotations

Branches:
Dungeon (6/15)
 Temple: D:4-7

Altars:
Ashenzari
Dithmenos

Annotations:
D:5 MiaIshata's ghost, average DrBe


Innate Abilities, Weirdness & Mutations

You are resistant to torment.
You are immune to poison.
Your stone body is very resilient (AC +5).
You resist negative energy.
You are resistant to electric shocks.
You can survive without breathing.
You are immune to petrification.
You are immune to rotting.
Your wings are large and strong.
You are agile. (Dex +2)
Armour fits poorly on your strangely shaped body.
You are frail (-10% HP).
Your magical capacity is low (-10% MP).


Message History

You closely miss the orc warrior.
The orc warrior is heavily wounded.
The orc warrior hits you with a short sword!
* * * LOW HITPOINT WARNING * * *
You hit the orc warrior but do no damage.
The orc warrior is heavily wounded.
The orc warrior hits you but does no damage.
You hit the orc warrior.
The orc warrior is heavily wounded.
The orc warrior barely misses you.
You hit the orc warrior.
You punch the orc warrior, but do no damage.
The orc warrior is severely wounded.
The orc warrior hits you with a short sword.
* * * LOW HITPOINT WARNING * * *
You see here a helmet.
Drink which item? (? for menu, Esc to quit)
You feel better.
The orc warrior hits you with a short sword!
You die...

..#######[#.......#..# #....#
..## #.#.......#..# #...># ...#
#.#######.#..#####..#.# ...# #.#
#.#........[#.# ...### #.#####
#.#.#######.#.## §§.o.# #.....#
#>#.# #........##
§###.####.###.###.#.###.###......
§# #o.[...##...##.#.##...##......
.###.######...[o@.........#...†..
...†.# #....#####.............
#.#### #.#.###................
#.#########.#.# #<##..###........
#...........#.###.##..# #........
####..................###.#..##..
#.#####..#########.....#....$.
#.# #..# #..#...###. #.# #..#
####.###..# #.


You could see an orc warrior.

Vanquished Creatures
  A sky beast (D:6)
  An ogre (D:4)
  2 centaurs
  A giant frog (D:3)
  2 crimson imps (D:5)
  An orc priest (D:4)
  A centaur zombie (D:6)
  2 hounds
  2 worker ants
  3 orc wizards
  Natasha (thrice) (D:3)
  2 giant frog skeletons
  Robin (D:3)
  2 adders
  A shadow imp (D:5)
  A giant mite (D:4)
  4 worms
  An adder zombie (D:6)
  7 giant geckos
  3 oozes
  12 orcs
  14 bats
  A bat zombie (D:5)
  2 giant cockroaches
  13 goblins
  9 hobgoblins
  4 jackals (D:2)
  8 kobolds
  2 quokkas
  6 giant newts
  14 rats
126 creatures vanquished.

Notes
Turn   | Place    | Note
--------------------------------------------------------------
     0 | D:1      | MiaIshata, the Gargoyle Monk, began the quest for the Orb.
     0 | D:1      | Reached XP level 1. HP: 14/14 MP: 1/1
   145 | D:1      | Reached XP level 2. HP: 19/19 MP: 2/2
   672 | D:2      | Reached XP level 3. HP: 15/24 MP: 3/3
  1002 | D:2      | Reached XP level 4. HP: 21/29 MP: 4/4
  1524 | D:3      | Noticed Robin
  1538 | D:3      | Killed Robin
  1774 | D:3      | Reached XP level 5. HP: 34/34 MP: 5/5
  1791 | D:3      | Noticed a giant frog
  1800 | D:3      | Killed a giant frog
  2107 | D:3      | Noticed Natasha
  2125 | D:3      | Killed Natasha
  2125 | D:3      | Reached skill level 5 in Fighting
  2149 | D:3      | Noticed Natasha
  2156 | D:3      | Killed Natasha
  2331 | D:3      | Noticed Natasha
  2337 | D:3      | Killed Natasha
  2337 | D:3      | Reached XP level 6. HP: 40/40 MP: 6/6
  2526 | D:4      | Found a shadowy altar of Dithmenos.
  2615 | D:4      | Reached skill level 5 in Unarmed Combat
  3393 | D:5      | Entered Level 5 of the Dungeon
  3457 | D:5      | Found a shattered altar of Ashenzari.
  3495 | D:5      | Learned a level 2 spell: Stoneskin
  3678 | D:5      | Noticed MiaIshata's ghost (average DrBe)
  3749 | D:5      | Reached XP level 7. HP: 40/44 MP: 7/7
  4280 | D:5      | Reached skill level 6 in Fighting
  4607 | D:6      | Reached XP level 8. HP: 50/52 MP: 8/8
  4779 | D:6      | Gained mutation: You are frail (-10% HP). [potion of mutation]
  4779 | D:6      | Gained mutation: You are agile. (Dex +2) [potion of mutation]
  4779 | D:6      | Gained mutation: Your magical capacity is low (-10% MP). [potion of mutation]
  4780 | D:6      | Gained mutation: Armour fits poorly on your strangely shaped body. [potion of mutation]
  4780 | D:6      | Gained mutation: Your wings are large and strong. [potion of mutation]
  5011 | D:6      | Slain by an orc warrior

Action                   |  1- 3 |  4- 6 |  7- 9 || total
-------------------------+-------+-------+-------++-------
Melee: Unarmed           |   130 |   304 |   258 ||   692
 Cast: Stoneskin         |       |       |     1 ||     1
  Use: Scroll            |     6 |     5 |     3 ||    14
       Potion            |     1 |     2 |     8 ||    11
 Stab: Sleeping          |       |     5 |     5 ||    10
  Eat: Bread ration      |       |     1 |     1 ||     2
       Chunk             |       |     3 |       ||     3
       Beef jerky        |       |     1 |       ||     1
